Unix NetHack Version 3.7.0-64 Work-in-progress - last build Sep 20 2022 13:51:49 (2efdc47de06bbc12dbc956ebf73d51181633095d,branch:master).

Game began 2022-09-21 18:21:37, ended 2022-09-21 18:26:16.

Gandelf, neutral male human Monk

  
unexplored area
unexplored area
unexplored area
unexplored area
unexplored area
unexplored area
unexplored area
unexplored area
unexplored area
unexplored area
unexplored area
unexplored area
unexplored area
unexplored area
unexplored area
unexplored area
unexplored area
unexplored area
unexplored area
unexplored area
unexplored area
unexplored area
unexplored area
unexplored area
unexplored area
unexplored area
unexplored area
unexplored area
unexplored area
unexplored area
unexplored area
unexplored area
unexplored area
unexplored area
unexplored area
unexplored area
unexplored area
unexplored area
unexplored area
unexplored area
unexplored area
unexplored area
unexplored area
unexplored area
unexplored area
unexplored area
unexplored area
unexplored area
unexplored area
unexplored area
unexplored area
unexplored area
unexplored area
unexplored area
unexplored area
unexplored area
unexplored area
unexplored area
unexplored area
unexplored area
unexplored area
unexplored area
unexplored area
unexplored area
unexplored area
unexplored area
unexplored area
unexplored area
unexplored area
unexplored area
unexplored area
unexplored area
unexplored area
unexplored area
unexplored area
unexplored area
unexplored area
unexplored area
unexplored area
unexplored area
unexplored area
unexplored area
unexplored area
unexplored area
unexplored area
unexplored area
unexplored area
unexplored area
unexplored area
unexplored area
unexplored area
unexplored area
unexplored area
unexplored area
unexplored area
wall
wall
wall
wall
wall
wall
wall
wall
stone
stone
stone
stone
stone
stone
stone
stone
unexplored area
unexplored area
unexplored area
unexplored area
unexplored area
unexplored area
unexplored area
unexplored area
unexplored area
unexplored area
unexplored area
unexplored area
unexplored area
unexplored area
unexplored area
unexplored area
unexplored area
unexplored area
unexplored area
unexplored area
unexplored area
unexplored area
unexplored area
unexplored area
unexplored area
unexplored area
unexplored area
unexplored area
unexplored area
unexplored area
unexplored area
unexplored area
unexplored area
unexplored area
unexplored area
unexplored area
unexplored area
unexplored area
unexplored area
unexplored area
unexplored area
unexplored area
unexplored area
unexplored area
unexplored area
unexplored area
unexplored area
unexplored area
unexplored area
unexplored area
unexplored area
unexplored area
unexplored area
unexplored area
unexplored area
unexplored area
unexplored area
unexplored area
unexplored area
unexplored area
unexplored area
unexplored area
unexplored area
wall
.dark part of a room
.dark part of a room
.dark part of a room
.dark part of a room
.dark part of a room
.dark part of a room
.doorway
corridor
corridor
corridor
corridor
corridor
corridor
corridor
stone
unexplored area
unexplored area
unexplored area
unexplored area
unexplored area
unexplored area
unexplored area
unexplored area
unexplored area
unexplored area
unexplored area
unexplored area
unexplored area
unexplored area
unexplored area
unexplored area
unexplored area
unexplored area
unexplored area
unexplored area
unexplored area
unexplored area
unexplored area
unexplored area
unexplored area
unexplored area
unexplored area
unexplored area
unexplored area
unexplored area
unexplored area
unexplored area
unexplored area
unexplored area
unexplored area
unexplored area
unexplored area
unexplored area
unexplored area
unexplored area
unexplored area
unexplored area
unexplored area
unexplored area
unexplored area
unexplored area
unexplored area
unexplored area
unexplored area
unexplored area
unexplored area
unexplored area
unexplored area
unexplored area
unexplored area
unexplored area
unexplored area
unexplored area
unexplored area
unexplored area
unexplored area
stone
stone
wall
.dark part of a room
(an empty broken large box
.dark part of a room
.dark part of a room
.dark part of a room
.dark part of a room
wall
stone
stone
stone
stone
stone
stone
corridor
stone
unexplored area
wall
wall
wall
wall
wall
wall
wall
wall
wall
wall
wall
wall
wall
unexplored area
unexplored area
unexplored area
unexplored area
unexplored area
unexplored area
unexplored area
unexplored area
unexplored area
unexplored area
unexplored area
unexplored area
unexplored area
unexplored area
unexplored area
unexplored area
unexplored area
unexplored area
unexplored area
unexplored area
unexplored area
unexplored area
unexplored area
unexplored area
unexplored area
unexplored area
unexplored area
unexplored area
unexplored area
unexplored area
unexplored area
unexplored area
unexplored area
unexplored area
unexplored area
unexplored area
unexplored area
unexplored area
unexplored area
unexplored area
unexplored area
unexplored area
unexplored area
unexplored area
unexplored area
unexplored area
unexplored area
stone
corridor
-open door
.dark part of a room
.dark part of a room
.dark part of a room
.dark part of a room
.dark part of a room
.dark part of a room
.doorway
unexplored area
unexplored area
unexplored area
unexplored area
unexplored area
stone
corridor
stone
unexplored area
.doorway
.dark part of a room
.dark part of a room
.dark part of a room
.dark part of a room
.dark part of a room
.dark part of a room
.dark part of a room
.dark part of a room
.dark part of a room
.dark part of a room
.dark part of a room
wall
unexplored area
unexplored area
unexplored area
unexplored area
unexplored area
unexplored area
unexplored area
unexplored area
unexplored area
unexplored area
unexplored area
unexplored area
unexplored area
unexplored area
unexplored area
unexplored area
unexplored area
unexplored area
unexplored area
unexplored area
unexplored area
unexplored area
unexplored area
unexplored area
unexplored area
unexplored area
unexplored area
unexplored area
unexplored area
unexplored area
unexplored area
unexplored area
unexplored area
unexplored area
unexplored area
unexplored area
unexplored area
unexplored area
unexplored area
unexplored area
unexplored area
unexplored area
unexplored area
unexplored area
unexplored area
unexplored area
unexplored area
stone
corridor
wall
wall
wall
wall
wall
+closed door
wall
wall
unexplored area
unexplored area
unexplored area
unexplored area
unexplored area
stone
corridor
stone
corridor
wall
.dark part of a room
.dark part of a room
.dark part of a room
.dark part of a room
.dark part of a room
.dark part of a room
.dark part of a room
>branch staircase down
.dark part of a room
.dark part of a room
.dark part of a room
wall
unexplored area
unexplored area
unexplored area
unexplored area
unexplored area
unexplored area
unexplored area
unexplored area
unexplored area
unexplored area
unexplored area
unexplored area
unexplored area
unexplored area
unexplored area
unexplored area
unexplored area
unexplored area
unexplored area
unexplored area
unexplored area
unexplored area
unexplored area
unexplored area
unexplored area
unexplored area
unexplored area
unexplored area
unexplored area
unexplored area
unexplored area
unexplored area
unexplored area
unexplored area
unexplored area
unexplored area
unexplored area
unexplored area
unexplored area
unexplored area
unexplored area
unexplored area
unexplored area
unexplored area
unexplored area
unexplored area
unexplored area
stone
corridor
stone
unexplored area
unexplored area
unexplored area
unexplored area
unexplored area
unexplored area
unexplored area
unexplored area
unexplored area
unexplored area
unexplored area
unexplored area
stone
corridor
corridor
corridor
.doorway
.dark part of a room
.dark part of a room
.dark part of a room
.dark part of a room
.dark part of a room
.dark part of a room
.dark part of a room
.dark part of a room
.dark part of a room
.dark part of a room
.dark part of a room
wall
unexplored area
unexplored area
unexplored area
unexplored area
unexplored area
unexplored area
unexplored area
unexplored area
unexplored area
unexplored area
unexplored area
unexplored area
unexplored area
unexplored area
unexplored area
unexplored area
unexplored area
unexplored area
unexplored area
unexplored area
unexplored area
unexplored area
unexplored area
unexplored area
unexplored area
unexplored area
unexplored area
unexplored area
unexplored area
unexplored area
unexplored area
unexplored area
unexplored area
unexplored area
unexplored area
unexplored area
unexplored area
unexplored area
unexplored area
unexplored area
unexplored area
unexplored area
unexplored area
unexplored area
unexplored area
unexplored area
unexplored area
stone
corridor
stone
unexplored area
unexplored area
unexplored area
unexplored area
unexplored area
unexplored area
unexplored area
unexplored area
unexplored area
unexplored area
unexplored area
unexplored area
stone
stone
stone
stone
wall
.dark part of a room
.dark part of a room
.dark part of a room
.dark part of a room
.dark part of a room
.dark part of a room
.dark part of a room
.dark part of a room
.dark part of a room
.dark part of a room
.dark part of a room
wall
unexplored area
unexplored area
unexplored area
unexplored area
unexplored area
unexplored area
unexplored area
unexplored area
unexplored area
unexplored area
unexplored area
unexplored area
unexplored area
unexplored area
unexplored area
unexplored area
unexplored area
unexplored area
unexplored area
unexplored area
unexplored area
unexplored area
unexplored area
unexplored area
unexplored area
unexplored area
unexplored area
unexplored area
unexplored area
unexplored area
unexplored area
unexplored area
unexplored area
unexplored area
unexplored area
unexplored area
unexplored area
unexplored area
unexplored area
unexplored area
unexplored area
unexplored area
unexplored area
unexplored area
unexplored area
unexplored area
unexplored area
stone
corridor
corridor
stone
unexplored area
unexplored area
unexplored area
unexplored area
unexplored area
unexplored area
unexplored area
unexplored area
unexplored area
unexplored area
unexplored area
unexplored area
unexplored area
unexplored area
unexplored area
wall
wall
wall
wall
wall
wall
wall
|open door
wall
wall
wall
wall
wall
unexplored area
unexplored area
unexplored area
unexplored area
unexplored area
unexplored area
wall
wall
wall
wall
wall
unexplored area
unexplored area
unexplored area
unexplored area
unexplored area
unexplored area
unexplored area
unexplored area
unexplored area
unexplored area
unexplored area
unexplored area
unexplored area
unexplored area
unexplored area
unexplored area
unexplored area
unexplored area
unexplored area
unexplored area
unexplored area
unexplored area
unexplored area
unexplored area
unexplored area
unexplored area
unexplored area
unexplored area
unexplored area
unexplored area
unexplored area
unexplored area
unexplored area
unexplored area
unexplored area
unexplored area
stone
stone
corridor
stone
unexplored area
unexplored area
unexplored area
unexplored area
unexplored area
unexplored area
unexplored area
unexplored area
unexplored area
unexplored area
unexplored area
unexplored area
unexplored area
unexplored area
unexplored area
unexplored area
unexplored area
unexplored area
unexplored area
unexplored area
unexplored area
stone
corridor
stone
unexplored area
unexplored area
unexplored area
unexplored area
unexplored area
stone
stone
stone
stone
stone
wall
.dark part of a room
.dark part of a room
.dark part of a room
wall
unexplored area
unexplored area
unexplored area
unexplored area
unexplored area
unexplored area
unexplored area
unexplored area
unexplored area
unexplored area
unexplored area
unexplored area
unexplored area
unexplored area
unexplored area
unexplored area
unexplored area
unexplored area
unexplored area
unexplored area
unexplored area
unexplored area
unexplored area
unexplored area
unexplored area
unexplored area
unexplored area
unexplored area
unexplored area
unexplored area
unexplored area
unexplored area
unexplored area
unexplored area
unexplored area
unexplored area
unexplored area
stone
corridor
stone
unexplored area
unexplored area
unexplored area
unexplored area
unexplored area
unexplored area
unexplored area
unexplored area
unexplored area
unexplored area
unexplored area
unexplored area
unexplored area
unexplored area
unexplored area
unexplored area
unexplored area
unexplored area
unexplored area
unexplored area
unexplored area
stone
corridor
stone
unexplored area
unexplored area
unexplored area
unexplored area
unexplored area
stone
corridor
corridor
corridor
corridor
.doorway
.dark part of a room
.dark part of a room
.dark part of a room
wall
unexplored area
unexplored area
unexplored area
unexplored area
unexplored area
unexplored area
unexplored area
unexplored area
unexplored area
unexplored area
unexplored area
unexplored area
unexplored area
unexplored area
unexplored area
unexplored area
unexplored area
unexplored area
unexplored area
unexplored area
unexplored area
unexplored area
unexplored area
unexplored area
unexplored area
unexplored area
unexplored area
unexplored area
unexplored area
unexplored area
unexplored area
unexplored area
unexplored area
unexplored area
unexplored area
unexplored area
unexplored area
stone
corridor
stone
unexplored area
unexplored area
unexplored area
unexplored area
unexplored area
unexplored area
unexplored area
unexplored area
unexplored area
unexplored area
unexplored area
unexplored area
unexplored area
unexplored area
unexplored area
unexplored area
unexplored area
unexplored area
unexplored area
unexplored area
unexplored area
stone
corridor
stone
unexplored area
unexplored area
unexplored area
unexplored area
unexplored area
stone
corridor
stone
stone
stone
wall
.dark part of a room
.dark part of a room
.dark part of a room
wall
unexplored area
unexplored area
unexplored area
unexplored area
unexplored area
unexplored area
unexplored area
unexplored area
unexplored area
unexplored area
unexplored area
unexplored area
unexplored area
unexplored area
unexplored area
unexplored area
unexplored area
unexplored area
unexplored area
unexplored area
unexplored area
unexplored area
unexplored area
unexplored area
unexplored area
unexplored area
unexplored area
unexplored area
unexplored area
unexplored area
unexplored area
unexplored area
unexplored area
unexplored area
unexplored area
unexplored area
unexplored area
stone
corridor
stone
unexplored area
unexplored area
unexplored area
unexplored area
unexplored area
unexplored area
unexplored area
unexplored area
unexplored area
unexplored area
unexplored area
unexplored area
unexplored area
unexplored area
unexplored area
unexplored area
unexplored area
unexplored area
unexplored area
unexplored area
unexplored area
stone
corridor
stone
unexplored area
unexplored area
unexplored area
unexplored area
unexplored area
stone
corridor
stone
unexplored area
unexplored area
wall
.dark part of a room
.dark part of a room
.dark part of a room
wall
unexplored area
unexplored area
unexplored area
unexplored area
unexplored area
unexplored area
unexplored area
unexplored area
unexplored area
unexplored area
unexplored area
unexplored area
unexplored area
unexplored area
unexplored area
unexplored area
unexplored area
unexplored area
unexplored area
unexplored area
unexplored area
unexplored area
unexplored area
unexplored area
unexplored area
unexplored area
unexplored area
unexplored area
unexplored area
unexplored area
unexplored area
unexplored area
unexplored area
unexplored area
unexplored area
unexplored area
unexplored area
stone
corridor
stone
unexplored area
unexplored area
unexplored area
unexplored area
unexplored area
unexplored area
unexplored area
unexplored area
unexplored area
unexplored area
unexplored area
unexplored area
unexplored area
unexplored area
unexplored area
unexplored area
unexplored area
unexplored area
unexplored area
unexplored area
unexplored area
stone
corridor
stone
stone
stone
unexplored area
stone
stone
stone
corridor
stone
unexplored area
unexplored area
wall
<staircase up
.dark part of a room
.dark part of a room
wall
unexplored area
unexplored area
unexplored area
unexplored area
unexplored area
unexplored area
unexplored area
unexplored area
unexplored area
unexplored area
unexplored area
unexplored area
unexplored area
unexplored area
unexplored area
unexplored area
unexplored area
unexplored area
unexplored area
unexplored area
unexplored area
unexplored area
unexplored area
unexplored area
unexplored area
unexplored area
unexplored area
wall
wall
wall
wall
wall
wall
wall
wall
wall
wall
wall
corridor
stone
unexplored area
unexplored area
unexplored area
unexplored area
unexplored area
unexplored area
unexplored area
unexplored area
unexplored area
unexplored area
unexplored area
unexplored area
unexplored area
unexplored area
unexplored area
unexplored area
unexplored area
unexplored area
unexplored area
unexplored area
unexplored area
stone
corridor
corridor
corridor
stone
unexplored area
stone
corridor
corridor
corridor
stone
unexplored area
unexplored area
wall
.dark part of a room
.dark part of a room
.dark part of a room
.doorway
unexplored area
unexplored area
unexplored area
unexplored area
unexplored area
unexplored area
unexplored area
unexplored area
unexplored area
unexplored area
unexplored area
unexplored area
unexplored area
unexplored area
unexplored area
unexplored area
unexplored area
unexplored area
unexplored area
unexplored area
unexplored area
unexplored area
unexplored area
unexplored area
unexplored area
unexplored area
unexplored area
wall
?a scroll
?a scroll
?a scroll
?a scroll
?a scroll
?a scroll
?a scroll called id
?a scroll labeled DAIYEN FOOELS
.floor of a room
wall
corridor
stone
unexplored area
unexplored area
unexplored area
unexplored area
unexplored area
unexplored area
unexplored area
unexplored area
unexplored area
unexplored area
unexplored area
unexplored area
unexplored area
unexplored area
unexplored area
unexplored area
unexplored area
unexplored area
unexplored area
unexplored area
unexplored area
wall
wall
wall
.doorway
wall
stone
stone
corridor
stone
stone
stone
unexplored area
unexplored area
wall
wall
wall
wall
wall
unexplored area
unexplored area
unexplored area
unexplored area
unexplored area
unexplored area
unexplored area
unexplored area
unexplored area
unexplored area
unexplored area
unexplored area
unexplored area
unexplored area
unexplored area
unexplored area
unexplored area
unexplored area
unexplored area
unexplored area
unexplored area
unexplored area
unexplored area
unexplored area
unexplored area
unexplored area
unexplored area
wall
?a scroll
?a scroll
?a scroll
?a scroll
?a scroll
?a scroll labeled KO BATE
?a scroll labeled VE FORBRYDERNE (for sale, 133 zorkmids)
mgiant mimic, holding you
.floor of a room
wall
corridor
stone
unexplored area
unexplored area
unexplored area
unexplored area
unexplored area
unexplored area
unexplored area
unexplored area
unexplored area
unexplored area
unexplored area
unexplored area
unexplored area
unexplored area
unexplored area
unexplored area
unexplored area
unexplored area
unexplored area
unexplored area
unexplored area
wall
.dark part of a room
.dark part of a room
.dark part of a room
-open door
corridor
corridor
corridor
stone
unexplored area
unexplored area
unexplored area
unexplored area
unexplored area
unexplored area
unexplored area
unexplored area
unexplored area
unexplored area
unexplored area
unexplored area
unexplored area
unexplored area
unexplored area
unexplored area
unexplored area
unexplored area
unexplored area
unexplored area
unexplored area
unexplored area
unexplored area
unexplored area
unexplored area
unexplored area
unexplored area
unexplored area
unexplored area
unexplored area
unexplored area
unexplored area
unexplored area
unexplored area
unexplored area
unexplored area
wall
?a scroll
?a scroll
+a spellbook
?a scroll
+a spellbook
?a scroll called id
?a scroll called li (for sale, 50 zorkmids)
@human monk called Gandelf
@peaceful Inniscrone
-open door
corridor
stone
unexplored area
unexplored area
unexplored area
unexplored area
unexplored area
unexplored area
unexplored area
unexplored area
unexplored area
unexplored area
unexplored area
unexplored area
unexplored area
unexplored area
unexplored area
unexplored area
unexplored area
unexplored area
unexplored area
unexplored area
unexplored area
wall
.dark part of a room
.dark part of a room
.dark part of a room
wall
stone
stone
stone
stone
unexplored area
unexplored area
unexplored area
unexplored area
unexplored area
unexplored area
unexplored area
unexplored area
unexplored area
unexplored area
unexplored area
unexplored area
unexplored area
unexplored area
unexplored area
unexplored area
unexplored area
unexplored area
unexplored area
unexplored area
unexplored area
unexplored area
unexplored area
unexplored area
unexplored area
unexplored area
unexplored area
unexplored area
unexplored area
unexplored area
unexplored area
unexplored area
unexplored area
unexplored area
unexplored area
unexplored area
wall
?a scroll
?a scroll
?a scroll
+a book
+a spellbook
?a scroll called id
?a scroll of remove curse (for sale, 80 zorkmids)
?a scroll called id (for sale, 20 zorkmids)
.floor of a room
wall
stone
stone
unexplored area
unexplored area
unexplored area
unexplored area
unexplored area
unexplored area
unexplored area
unexplored area
unexplored area
unexplored area
unexplored area
unexplored area
unexplored area
unexplored area
unexplored area
unexplored area
unexplored area
unexplored area
unexplored area
unexplored area
unexplored area
wall
.dark part of a room
.dark part of a room
.dark part of a room
wall
unexplored area
unexplored area
unexplored area
unexplored area
unexplored area
unexplored area
unexplored area
unexplored area
unexplored area
unexplored area
unexplored area
unexplored area
unexplored area
unexplored area
unexplored area
unexplored area
unexplored area
unexplored area
unexplored area
unexplored area
unexplored area
unexplored area
unexplored area
unexplored area
unexplored area
unexplored area
unexplored area
unexplored area
unexplored area
unexplored area
unexplored area
unexplored area
unexplored area
unexplored area
unexplored area
unexplored area
unexplored area
unexplored area
unexplored area
unexplored area
wall
wall
wall
wall
wall
wall
wall
wall
wall
wall
wall
unexplored area
unexplored area
unexplored area
unexplored area
unexplored area
unexplored area
unexplored area
unexplored area
unexplored area
unexplored area
unexplored area
unexplored area
unexplored area
unexplored area
unexplored area
unexplored area
unexplored area
unexplored area
unexplored area
unexplored area
unexplored area
unexplored area
unexplored area
wall
wall
wall
wall
wall
unexplored area
unexplored area
unexplored area
unexplored area
unexplored area
unexplored area
unexplored area
unexplored area
unexplored area
unexplored area
unexplored area
unexplored area
unexplored area
unexplored area
unexplored area
unexplored area
unexplored area
unexplored area
unexplored area
unexplored area
unexplored area
unexplored area
unexplored area
unexplored area
unexplored area
unexplored area
unexplored area
unexplored area
unexplored area
unexplored area
unexplored area
unexplored area
unexplored area
unexplored area
unexplored area
unexplored area
unexplored area
unexplored area
unexplored area
unexplored area
unexplored area
unexplored area
unexplored area
unexplored area
unexplored area
unexplored area
unexplored area
unexplored area
unexplored area
unexplored area
unexplored area
unexplored area
unexplored area
unexplored area
unexplored area
unexplored area
unexplored area
unexplored area
unexplored area
unexplored area
unexplored area
unexplored area
unexplored area
unexplored area
unexplored area
unexplored area
unexplored area
unexplored area
unexplored area
unexplored area
unexplored area
unexplored area
unexplored area
unexplored area
unexplored area
unexplored area
unexplored area
unexplored area
unexplored area
unexplored area
unexplored area
unexplored area
unexplored area
unexplored area
unexplored area
unexplored area
unexplored area
unexplored area
unexplored area
unexplored area
unexplored area
unexplored area
unexplored area
unexplored area
unexplored area
unexplored area
unexplored area
unexplored area
unexplored area
unexplored area
unexplored area
unexplored area
unexplored area
unexplored area
unexplored area
unexplored area
unexplored area
unexplored area
unexplored area
unexplored area
unexplored area
unexplored area
unexplored area
unexplored area
[Gandelf the Candidate ] St:15 Dx:14 Co:11 In:10 Wi:14 Ch:11 Neutral S:263 Dlvl:3 $:25 HP:0(21) Pw:11(11) AC:4 Xp:2/22 T:599

Latest messages:

You kill the gecko!
Welcome to experience level 2.
You see here 5 gold pieces.
$ - 5 gold pieces (18 in total).
The door resists!
The door opens.
You miss the gecko.
The gecko bites!
You kill the gecko!
You see here 7 gold pieces.
$ - 7 gold pieces (25 in total).
You descend the stairs.
The crossbow bolt hits the kitten!
The kitten is killed!
You are hit by a crossbow bolt!
You climb up the stairs.
You see here a food ration.
r - a food ration.
You see here an egg.
s - an egg.
You see here a large box.
Hmmm, the large box turns out to be locked.
In what direction? h
THUD!
You break open the lock!
You see here a broken large box.
t - a scroll labeled STRC PRST SKRZ KRK.
u - a scroll labeled VENZAR BORGAVVE.
q - a green gem (2 in total).
v - a violet gem.
w - a yellowish brown gem.
"Hello, Gandelf! Welcome to Inniscrone's second-hand bookstore!"
You see here a scroll labeled HACKEM MUCHE (for sale, 20 zorkmids).
(For instructions type a '?')
Call a scroll labeled HACKEM MUCHE: id
You see here a scroll labeled LEP GEX VEN ZEA (for sale, 50 zorkmids).
(For instructions type a '?')
Call a scroll labeled LEP GEX VEN ZEA: li
Wait! That's a giant mimic!
You hit the giant mimic!
You hit the giant mimic!
The giant mimic hits!
The giant mimic hits!
You die...
Inniscrone gratefully inherits all your possessions.
Do you want to see what you had when you died? [ynq] (y) y
Do you want to see your attributes? [ynq] (y) y
Do you want an account of creatures vanquished? [ynaq] (y) y
Do you want to see your conduct and achievements? [ynq] (y) y
Do you want to see the dungeon overview? [ynq] (y) y

Inventory:

Coins

$ - 25 gold pieces

Armor

a - an uncursed +2 pair of leather gloves (being worn)
b - an uncursed +1 robe (being worn)

Comestibles

h - 5 uncursed apples
g - 3 uncursed food rations
r - an uncursed food ration
j - 4 uncursed fortune cookies
i - 6 uncursed oranges
s - an uncursed egg
n - an uncursed lichen corpse

Scrolls

l - an uncursed scroll of enchant armor
t - an uncursed scroll of genocide
d - an uncursed scroll of remove curse
u - an uncursed scroll of taming

Spellbooks

c - a blessed spellbook of confuse monster

Potions

f - 2 blessed potions of healing
e - an uncursed potion of water
k - an uncursed potion of water
o - an uncursed potion of water

Gems/Stones

p - an uncursed worthless piece of blue glass
q - 2 uncursed worthless pieces of green glass
v - an uncursed worthless piece of violet glass
m - an uncursed worthless piece of yellow glass
w - an uncursed worthless piece of yellowish brown glass

Gandelf the Monk's attributes:


Background:

You were a Candidate, a level 2 male human Monk.
You were neutral, on a mission for Chih Sung-tzu
who was opposed by Shan Lai Ching (lawful) and Huan Ti (chaotic).
You were in the Dungeons of Doom, on level 3.
You entered the dungeon 599 turns ago.
You had 22 experience points, 18 more were needed to attain level 3.
Your score was 263 before end-of-game adjustments.

Basics:

You had 0 out of 21 hit points.
You had all 11 energy points (spell power).
Your armor class was 4.
Your wallet contained 25 zorkmids.
Autopickup was off.

Final Characteristics:

Your strength was 15 (limit:18/100).
Your dexterity was 14 (limit:18).
Your constitution was 11 (limit:18).
Your intelligence was 10 (limit:18).
Your wisdom was 14 (limit:18).
Your charisma was 11 (limit:18).

Final Status:

You were held by a giant mimic (north).
You were not hungry.
You were unencumbered.
You were empty handed.
You had basic skill with martial arts.

Final Attributes:

You were fervently aligned.
You were sleep resistant.
You saw invisible.
You were guarded.
You were fast.
You are dead.

Miscellaneous:
You never encountered a bones level.
Total elapsed playing time was 4 minutes and 39 seconds.

Major events:

Turn

1: Gandelf the neutral male human Monk entered the dungeon
555: entered the Gnomish Mines
599: killed by a giant mimic

Vanquished creatures:

a kitten
2 geckos
a jackal
5 grid bugs
2 lichens
a kobold zombie
4 newts
16 creatures vanquished.
No species were genocided or became extinct.

Voluntary challenges:

You went without food.
You were an atheist.
You never hit with a wielded weapon.
You were illiterate.
You never engraved Elbereth.
You never genocided any monsters.
You never polymorphed an object.
You never changed form.
You used no wishes.

Achievements:

You entered a shop.
You entered the Gnomish Mines.

The Dungeons of Doom: levels 1 to 3

   Level 1:
A fountain.
Level 2:
A potion shop.
Level 3: <- You were here.
A scroll shop.
Stairs down to The Gnomish Mines.
Final resting place for
you, killed by a giant mimic.

The Gnomish Mines:

   Level 4:

Game over:

----------
/ \
/ REST \
/ IN \
/ PEACE \
/ \
| Gandelf |
| 25 Au |
| killed by a |
| giant mimic |
| |
| |
| 2022 |
*| * * * | *
_________)/\\_//(\/(/\)/\//\/|_)_______

Goodbye Gandelf the Monk...


You died in The Dungeons of Doom on dungeon level 3 with 261 points,
and 25 pieces of gold, after 599 moves.
You were level 2 with a maximum of 21 hit points when you died.